 Dungeon Crawl Stone Soup version 0.31-a0-1005-gfbdfbacc72 (webtiles) character file.

Game seed: 16086305707904507063

709 Nedwor the Cudgeller (level 7, -2/62 HPs)
             Began as a Minotaur Fighter on Nov 10, 2023.
             Slain by a worm (5 damage)
             ... on level 5 of the Dungeon on Nov 11, 2023.
             The game lasted 00:04:39 (3599 turns).

Nedwor the Cudgeller (Minotaur Fighter)             Turns: 3599, Time: 00:04:39

Health: -2/62      AC: 13    Str: 23    XL:     7   Next: 40%
Magic:  6/6        EV:  7    Int:  5    God:
Gold:   290        SH:  5    Dex:  9    Spells: 6/6 levels left

rFire   . . .        a - +0 flail
rCold   . . .        c - +0 buckler
rNeg    . . .        g - +0 shadow dragon scales
rPois   .            (helmet restricted)
rElec   .            (no cloak)
rCorr   .            (no gloves)
SInv    .            (no boots)
Will    .....        (no amulet)
Stlth   ++           (no ring)
HPRegen 0.30/turn    (no ring)
MPRegen 0.10/turn

%: no passive effects
@: no status effects
A: horns 2, retaliatory headbutt
a: no special abilities


You were on level 5 of the Dungeon.
You visited 1 branch of the dungeon, and saw 5 of its levels.

You collected 290 gold pieces.

Inventory:

Hand Weapons
 a - a +0 flail (weapon)
 x - the +6 short sword "ETAOIN SHRDLU" {vamp, Str+4 SInv}
   (You found it on level 4 of the Dungeon)

   Str+4:     It affects your strength (+4).
   SInv:      It lets you see invisible.
Missiles
 w - a throwing net
Armour
 b - a +0 scale mail
 c - a +0 buckler (worn)
 g - +0 shadow dragon scales (worn)
Jewellery
 e - a ring of magical power
 t - an amulet of the acrobat
 v - a ring of fire
Scrolls
 f - 5 scrolls of fear {unknown}
 h - a scroll of summoning {unknown}
 i - 2 scrolls of noise {unknown}
 j - a scroll of torment {unknown}
 k - 4 scrolls of teleportation {unknown}
 l - 6 scrolls of identify {unknown}
 q - a scroll of enchant weapon {unknown}
 r - a scroll of enchant armour {unknown}
Potions
 d - 2 potions of might
 m - a potion of lignification {unknown}
 n - 3 potions of curing {unknown}
 o - 2 potions of degeneration {unknown}
 p - 2 potions of enlightenment {unknown}
 s - 2 potions of heal wounds {unknown}
 u - 2 potions of haste {unknown}


   Skills:
 + Level 5.7 Fighting
 * Level 6.5 Maces & Flails
 + Level 5.7 Armour
 + Level 5.6 Shields


You had 6 spell levels left.
You didn't know any spells.
Your spell library contained the following spells:

 Spells                   Type           Power      Damage    Failure   Level
 Freeze                   Ice            0%         1d3       99%         1
 Blink                    Tloc           0%         N/A       100%        2
 Lesser Beckoning         Tloc           0%         N/A       100%        2
 Frozen Ramparts          Ice            0%         1d1       100%        3
 Gell's Gravitas          Tloc           0%         N/A       100%        3
 Hailstorm                Conj/Ice       0%         3d3       100%        3
 Teleport Other           Tloc           0%         N/A       100%        3
 Manifold Assault         Tloc           0%         N/A       100%        4


Dungeon Overview and Level Annotations

Branches:
Dungeon (5/15)
 Temple: D:4-7

Altars:
Fedhas
Hepliaklqana
Ru


Innate Abilities, Weirdness & Mutations

You have a pair of horns on your head.
You reflexively headbutt those who attack you in melee.


Message History

Your headbutt misses something. Something hits you but does no damage.
The worm barely misses you.
You barely miss something.
You hear some strange, mumbled words.
A magic dart appears from out of thin air!
The magic dart hits you.
You miss something. Something hits you. The worm bites you but does no damage.
You sock something!
Reactivating autopickup.
You feel a bit more experienced.
The orc priest mumbles some strange prayers to Beogh against you.
Pain shoots through your body! The worm bites you.
* * * LOW HITPOINT WARNING * * *
You closely miss the orc priest. You headbutt the orc priest!
The orc priest is severely wounded.
The orc priest hits you but does no damage.
You closely miss the orc priest. You headbutt the orc priest.
You kill the orc priest!
The worm bites you but does no damage.
You thump the orc priest!
The orc priest is severely wounded.
The orc priest mumbles some strange prayers to Beogh against you.
Pain shoots through your body!
* * * LOW HITPOINT WARNING * * *
You block the worm's attack.
The orc priest hits you with a +0 hand axe.
* * * LOW HITPOINT WARNING * * *
You barely miss the orc priest. Your headbutt misses the orc priest.
The orc priest is severely wounded.
The orc priest hits you with a +0 hand axe.
* * * LOW HITPOINT WARNING * * *
You sock the orc priest!
You kill the orc priest!
The worm bites you but does no damage.
You sock the orc!
You kill the orc!
You block the worm's attack.
Items here: ))))) [[ ††††.
The worm bites you.
You die...

.....<)[....#
#...##...#
#####)###..##
#....<#.## ......†#
..... #....##.#
.......# .#.>..#
#.....#.# .......#
.#..#.# #.#.....#
.......# .#..#.#
#......### ......##
.#....########...###
......# .. #.w.#
#.#...# ......#
#@#########..#
......#
##)........#.#
#.≈≈≈≈≈≈≈.#.#
#≈..≈≈≈..≈#.#
#≈.≈...≈.≈#.#
#≈.≈._.≈.≈#.#
#≈.≈...≈.≈#.#
#≈..≈≈≈..≈#.#
#.≈≈≈≈≈≈≈.#.#


You could see a worm.

Vanquished Creatures
  An ogre (D:4)
  A phantom (D:5)
  A howler monkey (D:4)
  2 jellies
  2 orc priests (D:5)
  A gnoll bouda (D:5)
  An iguana (D:4)
  A sleepcap (D:4)
  3 orc wizards
  7 adders
  7 gnolls
  A shadow imp (D:5)
  3 worms
  3 dart slugs
  11 orcs
  4 ball pythons
  6 bats
  7 endoplasms
  3 giant cockroaches
  6 hobgoblins
  3 jackals (D:3)
  5 quokkas
  10 frilled lizards
  11 goblins
  11 kobolds
  5 rats
116 creatures vanquished.

Notes
Turn   | Place    | Note
-------+----------+-------------------------------------------
     0 | D:1      | Nedwor the Minotaur Fighter began the quest for the Orb.
     0 | D:1      | Reached XP level 1. HP: 19/19 MP: 0/0
   119 | D:1      | Reached XP level 2. HP: 27/27 MP: 1/1
   143 | D:1      | Reached skill level 3 in Maces & Flails
   522 | D:2      | Reached XP level 3. HP: 33/33 MP: 2/2
   960 | D:2      | Found a blossoming altar of Fedhas.
  1258 | D:2      | Reached XP level 4. HP: 19/40 MP: 3/3
  1267 | D:2      | Reached skill level 4 in Maces & Flails
  1962 | D:3      | Upgraded the game from 0.31-a0-1002-g8e65716e6e to
                  | 0.31-a0-1005-gfbdfbacc72
  2142 | D:3      | Found a faded altar of an unknown god.
  2172 | D:3      | Reached XP level 5. HP: 47/47 MP: 4/4
  2441 | D:4      | Found a hazy altar of Hepliaklqana.
  2515 | D:4      | Noticed an ogre
  2522 | D:4      | Killed an ogre
  2523 | D:4      | Reached skill level 5 in Maces & Flails
  2523 | D:4      | Reached XP level 6. HP: 22/55 MP: 5/5
  2667 | D:4      | Reached skill level 5 in Fighting
  2667 | D:4      | Reached skill level 5 in Armour
  2667 | D:4      | Reached skill level 5 in Shields
  2717 | D:4      | Identified the +6 short sword "ETAOIN SHRDLU" {vamp, Str+4
                  | SInv}
  3215 | D:5      | Entered Level 5 of the Dungeon
  3237 | D:5      | HP: 2/56 [gnoll/+0 club[a gnoll bouda] (5)]
  3239 | D:5      | Reached skill level 6 in Maces & Flails
  3450 | D:5      | Reached XP level 7. HP: 52/61 MP: 6/6
  3562 | D:5      | Found a sacrificial altar of Ru.
  3595 | D:5      | HP: 2/61 [orc priest/+0 hand axe (3)]
  3599 | D:5      | Slain by a worm

Illustrated notes

Levels and vault maps discovered:
D:1:      roderic_crossed_star, layout_rooms, st_stairs_4
D:2:      layout_loops_corners, basic_altar
D:3:      layout_loops_ring, hellmonk_ecumenical_altar_leap_of_faith
D:4:      layout_layer_cave, mainiacjoe_overflow_tiny_flanked
D:5:      layout_basic, mainiacjoe_overflow_paths, serial_shops,
          nicolae_shop_real_fake_doors

Skill      XL: |  1  2  3  4  5  6 |
---------------+-------------------+-----
Maces & Flails | 3 4 5 6 |  6.5
Fighting       | 4 5 |  5.7
Armour         | 4 5 |  5.7
Shields        | 4 5 |  5.6

Action                     |  1- 3 |  4- 6 |  7- 9 || total
---------------------------+-------+-------+-------++-------
  Melee: Flail             |   116 |   175 |    24 ||   315
         Headbutt          |    10 |    21 |     4 ||    35
   Stab: Sleeping          |     6 |     5 |       ||    11
 Armour: Scale mail        |    15 |       |       ||    15
         Shadow dragon sca |    76 |   161 |    24 ||   261
  Dodge: Dodged            |    36 |    60 |     3 ||    99
  Block: Buckler           |    28 |    50 |     6 ||    84

Table legend: (Time is in decaauts)
 A = Elapsed time spent in this place.
 B = Non-inter-level travel time spent in this place.
 C = Inter-level travel time spent in this place.
 D = Time resting spent in this place.
 E = Time spent auto-exploring this place.
 F = Levels seen in this place.
 G = Mean time per level.
                   A        B        C        D        E       F      G
               +--------+--------+--------+--------+--------+-----+--------+
         Total |   3665 |   3585 |     80 |    598 |   2222 |   5 |  733.0 |
       Dungeon |   3665 |   3585 |     80 |    598 |   2222 |   5 |  733.0 |
               +--------+--------+--------+--------+--------+-----+--------+

Top non-repeatable levels by time:
     D:2: 1299 daAuts
     D:4: 969 daAuts
     D:3: 744 daAuts
     D:1: 444 daAuts
     D:5: 206 daAuts
